 Dungeon Crawl Stone Soup version 0.18-a0-1747-g18c4181 (webtiles) character file.

189 dobroeutro the Shield-Bearer (level 5, 0/34 HPs)
             Began as a Gargoyle Fighter on Apr 12, 2016.
             Was an Initiate of Okawaru.
             Slain by Natasha (2 damage)
             ... on level 4 of the Dungeon.
             The game lasted 00:04:03 (2124 turns).

dobroeutro the Shield-Bearer (Gargoyle Fighter)     Turns: 2124, Time: 00:04:04

Health: 0/34       AC: 11    Str: 24    XL:     5   Next: 68%
Magic:  5/5        EV:  7    Int:  8    God:    Okawaru [......]
Gold:   167        SH: 10    Dex:  9    Spells: 0 memorised, 4 levels left

rFire  . . .     SeeInvis .     a - +0 flail
rCold  . . .     Gourm    .     b - +0 scale mail
rNeg   + . .     Faith    .     c - +0 shield
rPois  ∞         Spirit   .     (no helmet)
rElec  +         Dismiss  .     (no cloak)
rCorr  .         Reflect  .     (no gloves)
SustAt .         Harm     .     (no boots)
MR     .....                    (no amulet)
Stlth  ..........               (no ring)
                                r - +3 ring of strength

@: slowed, very slow, not resistant to hostile enchantments, extremely
unstealthy
A: negative energy resistance 1, electricity resistance, unbreathing,
petrification resistance, rot immunity, AC +4
a: Renounce Religion


You were on level 4 of the Dungeon.
You worshipped Okawaru.
Okawaru was noncommittal.
You were not hungry.

You visited 1 branch of the dungeon, and saw 4 of its levels.

You collected 167 gold pieces.

Inventory:

Hand Weapons
 a - a +0 flail (weapon)
 f - a +0 morningstar
Armour
 b - a +0 scale mail (worn)
 c - a +0 shield (worn)
Jewellery
 r - a +3 ring of strength (left hand)
Scrolls
 e - a scroll of blinking {unknown}
 g - 5 scrolls of identify {unknown}
 j - 2 scrolls of immolation {unknown}
 l - 3 scrolls of enchant armour {unknown}
 m - 2 scrolls of teleportation {unknown}
 q - a scroll of remove curse
Potions
 d - a potion of might
 i - a potion of berserk rage {unknown}
 k - a potion of mutation {unknown}
 n - a potion of haste {unknown}
 o - a potion of cancellation {unknown}
 s - a potion of degeneration {unknown}
Comestibles
 h - a beef jerky
 u - 2 bread rations


   Skills:
 + Level 4.3 Fighting
 + Level 2.9 Maces & Flails
 + Level 4.1 Armour
 + Level 5.0 Shields


You had 4 spell levels left.
You didn't know any spells.

Dungeon Overview and Level Annotations

Branches:
Dungeon (4/15)
 Temple: D:4-7

Altars:
Ashenzari
Elyvilon
Okawaru
Trog

Annotations:
D:4 Eustachio, Natasha


Innate Abilities, Weirdness & Mutations

You are resistant to torment.
Your stone body is resilient (AC +4).
You are immune to poison.
You resist negative energy.
You are resistant to electric shocks.
You can survive without breathing.
You are immune to petrification.
You are immune to rotting.


Message History

You barely miss Natasha.
Natasha is heavily wounded.
The crimson imp disappears in a puff of smoke!
You block the bat's attack.
The river rat bites you but does no damage.
Natasha claws you.
* * * LOW HITPOINT WARNING * * *
You block Eustachio's attack.
The river rat bites you but does no damage.
You block Natasha's attack.
Drink which item? (? for menu, Esc to quit)
It was a potion of cure mutation.
It has a very clean taste.
The river rat bites you.
* * * LOW HITPOINT WARNING * * *
Eustachio hits you but does no damage. Natasha closely misses you.
You block the crimson imp's attack.
The river rat bites you but does no damage.
Eustachio gestures wildly while chanting.
Natasha claws you.
You die...

## #..##..####'######<###.##
##...##..##..####...########.##
#.....#..#......#.....'........
#.....#..+......#.....#........
####...##..###'####.##..#######..
..##...##..##...###.##..##..#####
..!..........§5b.#......(.....#
.............55r5#............#
.............)b@@#............#
..............rh.#.......>....#
.###...########+###..#.......##
####...###.### ############
.............# .............#
.##...######+# #####


You could see Eustachio, a quasit, Natasha, 2 crimson imps, 2 river rats, a
white imp and 2 bats.

Vanquished Creatures
  An orc priest (D:3)
  A centaur skeleton (D:4)
  4 adders
  4 worms
  A dart slug (D:1)
  6 giant geckos
  5 orcs (D:3)
  A ball python (D:4)
  5 bats
  5 giant cockroaches
  7 goblins
  4 hobgoblins
  5 jackals
  3 quokkas
  5 giant newts
  6 kobolds
  10 rats
73 creatures vanquished.

Notes
Turn   | Place    | Note
--------------------------------------------------------------
     0 | D:1      | dobroeutro the Gargoyle Fighter began the quest for the Orb.
     0 | D:1      | Reached XP level 1. HP: 14/14 MP: 1/1
    92 | D:1      | Reached XP level 2. HP: 14/19 MP: 2/2
   460 | D:1      | Reached XP level 3. HP: 24/24 MP: 3/3
   565 | D:2      | Reached skill level 4 in Shields
   714 | D:2      | Reached XP level 4. HP: 28/29 MP: 4/4
   743 | D:2      | Found a shattered altar of Ashenzari.
  1249 | D:3      | Found an iron altar of Okawaru.
  1287 | D:3      | Became a worshipper of Warmaster Okawaru
  1572 | D:3      | Reached XP level 5. HP: 22/33 MP: 5/5
  1605 | D:3      | Found a white marble altar of Elyvilon.
  1797 | D:3      | Noticed a moth of wrath
  1838 | D:3      | Found a bloodstained altar of Trog.
  2073 | D:4      | Reached skill level 5 in Shields
  2094 | D:4      | Noticed Eustachio
  2098 | D:4      | Noticed Natasha
  2124 | D:4      | Slain by Natasha

Vault maps used:
D:1:      lightli_arrival_lavapool, minmay_misc_feat_hallway,
          lemuel_old_faithful
D:2:      ashenzari_altar_1, small_statue_intersection
D:3:      marbit_many_paths, lemuel_crystal_altar, serial_glass,
          glass_columns_a, glass_columns_a, glass_columns_b, glass_columns_c,
          glass_columns_a, glass_columns_c, tgw_trog
D:4:      minivault_1, uniq_natasha, uniq_eustachio

Skill      XL: |  1  2  3  4  5 |
---------------+----------------+-----
Shields        | 4 5 |  5.0
Fighting       | 4 |  4.3
Armour         | 4 |  4.1
Maces & Flails | |  2.9

Action                   |  1- 3 |  4- 6 || total
-------------------------+-------+-------++-------
Melee: Flail             |   113 |   199 ||   312
  Use: Scroll            |     1 |       ||     1
       Potion            |       |     1 ||     1
  Eat: Bread ration      |       |     1 ||     1
Armor: Scale mail        |    74 |   160 ||   234
Dodge: Dodged            |    45 |    92 ||   137
Block: Shield            |    56 |   169 ||   225
